[Event "Torneo Nuevo Centro. Jornada 11"]
[Site "Chess.com"]
[Date "2020.08.28"]
[Round "8"]
[White "Roca Cruz, Rafael"]
[Black "Yatseta Fernandez, Marc Kazymyr"]
[Result "1/2-1/2"]
[WhiteElo "1798"]
[BlackElo "1525"]
[TimeControl "180+2"]
[EndTime "11:59:56 PDT"]
[Termination "Partida en tablas por material insuficiente"]

1. d4 Nf6 2. c4 e5 3. dxe5 Ne4 4. a3 b6 5. Nf3 Bb7 6. e3 d5 7. cxd5 Qxd5 8. Qxd5 Bxd5 9. Nbd2 Nxd2 10. Bxd2 Bxf3 11. gxf3 Nd7 12. Bb5 O-O-O 13. Rc1 Nxe5 14.
Be2 Nd3+ 15. Bxd3 Rxd3 16. Ke2 Rd7 17. Bc3 f6 18. Rhg1 Rg8 19. Bxf6 g6 20. Be5 Bd6 21. Bg3 Rgd8 22. Rc2 Kb7 23. Rgc1 c5 24. Rd1 Be7 25. Rcd2 Rxd2+ 26. Rxd2 Rxd2+ 27. Kxd2 Bf6 28. b3 a6 29. Kd3 Kc6 30. e4 Bd4 31. f4 b5 32. f3 Kd7 33. Be1 Ke6 34. h3 Bg7 35. Bf2 Kd6 36. e5+ Kd5 37. Be3 Bh6 38. Bd2 Bf8 39. Bc3 c4+ 40. bxc4+ bxc4+ 41. Kc2 Bxa3 42. Ba5 Bc5 43. Bc3 Be3 44. Bd2 Bxd2 45. Kxd2 a5 46. Kc3 a4 47. Kb4 Kd4 48. Kxa4 c3 49. e6 Kd3 50. e7 c2 51. e8=Q c1=Q 52. Qe4+ Kd2 53. Qb4+ Qc3 54. Qd6+ Kc2 55. Qe5 Qb3+ 56. Ka5 Qc3+ 57. Kb6 Qxf3 58. h4 Kd3 59. Qd6+ Ke3 60. Qe7+ Kxf4 61. Qxh7 Qe3+ 62.
Kc6 Qe4+ 63. Kc5 Qf5+ 64. Kd4 Qe4+ 65. Kc3 Qe3+ 66. Kc2 Qe2+ 67. Kc1 Qe1+ 68. Kb2 Qd2+ 69. Kb3 Qd3+ 70. Kb4 Qd4+ 71. Kb5 Qd5+ 72. Kb6 Qd6+ 73. Kb7 Qd5+ 74. Kc7 Qe5+ 75. Kd7 Qf5+ 76. Ke8 Qe6+ 77. Kf8 Qf6+ 78. Kg8 Qd8+ 79. Kg7 Qe7+ 80. Kxg6 Qxh7+ 81. Kxh7 Kf5 82. h5 Kf6 83. Kg8 Kg5 84. h6 Kxh6 1/2-1

[Event "Torneo Nuevo Centro. Jornada 11"]
[Site "Chess.com"]
[Date "2020.08.28"]
[Round "9"]
[White "Zamora Soler, Raul"]
[Black "Donate Peris, Jose Manuel"]
[Result "1-0"]
[WhiteElo "1860"]
[BlackElo "1513"]
[TimeControl "180+2"]
[EndTime "12:01:52 PDT"]
[Termination "Victoria de rzamora80 por abandono"]

1. e4 e6 2. d4 d5 3. exd5 exd5 4. Bd3 Nf6 5. Ne2 Bg4 6. f3 Bh5 7. O-O Nc6 8. c3 Qd7 9. Nf4 O-O-O 10. Nxh5 Nxh5 11. g4 Nf6 12. Bf5 1

[Event "Torneo Nuevo Centro. Jornada 11"]
[Site "Chess.com"]
[Date "2020.08.28"]
[Round "9"]
[White "Bascuñana Sánchez, Pablo"]
[Black "Miranda Calvo, Max Rodrigo"]
[Result "1-0"]
[WhiteElo "1658"]
[BlackElo "1299"]
[TimeControl "180+2"]
[EndTime "12:03:04 PDT"]
[Termination "Victoria de Pabasan2010 por abandono"]

1. e4 e5 2. Nf3 Nc6 3. Bc4 Bc5 4.
c3 d6 5. d4 exd4 6. cxd4 Bb4+ 7. Nc3 Bg4 8. O-O Nge7 9. Bxf7+ Kf8 10. Bc4 Bxc3 11. bxc3 d5 12. exd5 Nxd5 13. Ba3+ Nce7 14. Qd3 Nb6 15. h3 Nxc4 16. Bxe7+ Qxe7 17. Qxc4 Bxf3 18. gxf3 Qg5+ 19. Kh2 Qf4+ 20. Kg2 Qg5+ 21. Kh2 Qf4+ 22. Kg2 Qg5+ 23. Kh1 Qg4 1

[Event "Torneo Nuevo Centro. Jornada 11"]
[Site "Chess.com"]
[Date "2020.08.28"]
[Round "9"]
[White "Echeverria, Nestor"]
[Black "Gukasov, Artem"]
[Result "0-1"]
[WhiteElo "1932"]
[BlackElo "1462"]
[TimeControl "180+2"]
[EndTime "12:03:45 PDT"]
[Termination "Victoria de ArtemGukasov por abandono"]

1. e4 e6 2. Nf3 d5 3. e5 c5 4. b4 cxb4 5. Bb2 Nc6 6. d4 Qa5 7. Nbd2 Nge7 8. Bd3 Ng6 9. h4 h5 10. Bxg6 fxg6 11. Nb3 Qb6 12. Qd3 Ne7 13. Rh3 Nf5 14.
Rg3 Nxg3 15. Qxg6+ Kd8 16. fxg3 Bd7 17. Ng5 Rh6 18.
Nf7+ Kc7 19. Nxh6 gxh6 20. Nc5 Bxc5 21. dxc5 Qxc5 22. O-O-O Rc8 23. Kb1 Kb8 24. Qxh6 Qxc2+ 0

[Event "Torneo Nuevo Centro. Jornada 11"]
[Site "Chess.com"]
[Date "2020.08.28"]
[Round "9"]
[White "Bercaru, Vlad Ionut"]
[Black "Conejero Martínez, Víctor"]
[Result "1-0"]
[WhiteElo "1710"]
[BlackElo "1353"]
[TimeControl "180+2"]
[EndTime "12:04:01 PDT"]
[Termination "Victoria de Rata29 por abandono"]

1. c4 e5 2. Nc3 Nc6 3. Nf3 Bc5 4. e3 a6 5. Be2 d6 6. O-O f5 7. d4 Ba7 8. dxe5 dxe5 9. Qxd8+ Kxd8 10. Rd1+ Bd7 11.
b3 Ke7 12. Nd5+ Kd8 13. Bb2 e4 14. Ng5 Kc8 15. Bxg7 Nge7 16. Nxe7+ Nxe7 17. Bxh8 h6 18. Nh3 c6 19. Be5 Ng6 20. Bg3 Ne7 21. Bh4 Kd8 22.
Rd2 Bc5 23. Rad1 1

[Event "Torneo Nuevo Centro. Jornada 11"]
[Site "Chess.com"]
[Date "2020.08.28"]
[Round "9"]
[White "Marques Montolio, Luis"]
[Black "Perrot, Fabien "]
[Result "1-0"]
[WhiteElo "1484"]
[BlackElo "1182"]
[TimeControl "180+2"]
[EndTime "12:04:45 PDT"]
[Termination "Victoria de ateneomaritimo por abandono"]

1. e4 e5 2. Nf3 Nc6 3. Bb5 a6 4. Ba4 Nf6 5. d3 b5 6. Bb3 Be7 7. c3 d6 8. h3 Bb7 9. O-O O-O 10. Re1 Re8 11. Nbd2 a5 12. Ng5 h6 13. Bxf7+ Kh8 14.
Ne6 Qd7 15. Bxe8 Qxe8 16. f4 Qd7 17. f5 Nd8 18. Nxd8 Rxd8 19. g4 Rg8 20. Nf3 Ne8 21. Nh4 Bxh4 22. Rf1 Nf6 23. Be3 Qe7 24. Qd2 Nxg4 25. hxg4 Bg3 26. Kg2 Qh4 27. Rh1 Qxg4 28. Qd1 Bf4+ 29. Qxg4 1

[Event "Torneo Nuevo Centro. Jornada 11"]
[Site "Chess.com"]
[Date "2020.08.28"]
[Round "9"]
[White "Cayon Pelaez, Pablo"]
[Black "Bosch Jordà, Ricard"]
[Result "0-1"]
[WhiteElo "1779"]
[BlackElo "1904"]
[TimeControl "180+2"]
[EndTime "12:05:17 PDT"]
[Termination "Victoria de UltimateLimo por jaque mate"]

1. d4 Nf6 2. c4 c5 3. d5 b5 4. Qc2 d6 5. e4 g6 6. cxb5 a6 7.
bxa6 Bxa6 8. Bxa6 Rxa6 9. Nc3 Bg7 10. f4 O-O 11. Nf3 Qa5 12. O-O Nbd7 13. Re1 Rfa8 14.
Bd2 Qb6 15. Kh1 c4 16. e5 dxe5 17. fxe5 Ng4 18. Be3 Nxe3 19. Qf2 Nxd5 20. Qd2 Nxc3 21. Qxd7 Qxb2 22. Qxe7 Rxa2 23. Rxa2 Rxa2 24. Ng5 Qxg2# 0

[Event "Torneo Nuevo Centro. Jornada 11"]
[Site "Chess.com"]
[Date "2020.08.28"]
[Round "9"]
[White "Muñoz Pantoja, Miguel"]
[Black "Donate Moreno, Silvia"]
[Result "1-0"]
[WhiteElo "2532"]
[BlackElo "1896"]
[TimeControl "180+2"]
[EndTime "12:05:18 PDT"]
[Termination "Victoria de Indalsa por abandono"]

1. e4 c5 2. g3 d5 3. exd5 Qxd5 4. Nf3 Bg4 5. Be2 Nc6 6. h3 Bh5 7. Nc3 Qd7 8. d3 Nf6 9. Be3 e6 10. g4 Bg6 11. d4 cxd4 12. Nxd4 Nxd4 13. Qxd4 Qxd4 14. Bxd4 Be7 15. Bf3 O-O 16. O-O-O h5 17. Bxb7 Rab8 18. Bf3 hxg4 19. hxg4 Rb4 20. a3 Rc4 21.
Be2 Rc7 22. Rh3 Rfc8 23. Rdh1 Nh7 24. Bd3 Bg5+ 25. Kb1 f5 26. gxf5 exf5 27. Rg1 Rd7 28. Be5 Rc5 29. f4 Bf7 30. Bxf5 1

[Event "Torneo Nuevo Centro. Jornada 11"]
[Site "Chess.com"]
[Date "2020.08.28"]
[Round "9"]
[White "Grigorev, Artur "]
[Black "Ursariu, Nikolas Victor"]
[Result "0-1"]
[WhiteElo "912"]
[BlackElo "1157"]
[TimeControl "180+2"]
[EndTime "12:05:50 PDT"]
[Termination "Victoria de NikolasVictor por tiempo"]

1. d4 d5 2. Nc3 Nf6 3. Bf4 Nc6 4. Qd3 Bd7 5. O-O-O e6 6. Nf3 Bd6 7. Ng5 O-O 8. Nb5 h6 9. Nf3 Bxf4+ 10. e3 Bd6 11. Nxd6 cxd6 12. g3 Rc8 13. Bg2 Nb4 14. Qb3 Nc6 15. Qxb7 Rb8 16. Qa6 Rc8 17. Qa3 Qc7 18.
Rd3 Nb4 19. Qb3 Nxd3+ 0

[Event "Torneo Nuevo Centro. Jornada 11"]
[Site "Chess.com"]
[Date "2020.08.28"]
[Round "9"]
[White "Yuste Valenzuela, Alejandro"]
[Black "Escalona Moncholi, Felix"]
[Result "0-1"]
[WhiteElo "1884"]
[BlackElo "2106"]
[TimeControl "180+2"]
[EndTime "12:05:54 PDT"]
[Termination "Victoria de SchachSpielerESP por abandono"]

1. e4 e6 2. d4 d5 3. Nc3 Nf6 4. Bg5 dxe4 5. Nxe4 Be7 6. Bxf6 gxf6 7. Nf3 f5 8. Nc3 a6 9. Bd3 b5 10. a3 Bb7 11. Be2 Bf6 12. Qd2 Rg8 13. Rg1 Qd6 14.
h4 Nd7 15. O-O-O O-O-O 16. Kb1 c5 17. dxc5 Qxc5 18. Na2 Qxf2 19. Nb4 Nc5 20. Bd3 Qxd2 21. Rxd2 Bxf3 0

[Event "Torneo Nuevo Centro. Jornada 11"]
[Site "Chess.com"]
[Date "2020.08.28"]
[Round "9"]
[White "Beneyto de Ramon, Guillermo"]
[Black "Ortiz Benavent, Alba"]
[Result "1-0"]
[WhiteElo "1652"]
[BlackElo "1204"]
[TimeControl "180+2"]
[EndTime "12:06:06 PDT"]
[Termination "Victoria de GUILLETE por abandono"]

1. c4 Nf6 2. Nc3 g6 3. g3 Bg7 4.
Bg2 O-O 5. d3 Nc6 6. Nf3 d6 7.
O-O Bg4 8. Bg5 Qc8 9. Rb1 Bh3 10. Bxf6 Bxf6 11. Nd5 Bg7 12. b4 Bxg2 13. Kxg2 e6 14. Ne3 Ne5 15. d4 Nxf3 16. exf3 e5 17. dxe5 Bxe5 18.
Nd5 Re8 19. Re1 Bg7 20. Rxe8+ Qxe8 21. Nxc7 Qc8 22. Nxa8 Qxa8 23. Qxd6 Qc8 24. Qc5 Qxc5 25. bxc5 Bf8 26. Rxb7 Bxc5 27. Rc7 Bd4 28. Rc8+ Kg7 29. c5 Kf6 30. c6 Ke7 31. Rc7+ Ke6 32. g4 h6 33. f4 f6 34. f5+ gxf5 35. gxf5+ Kxf5 36. Rd7 Bb6 37. c7 Bxc7 38. Rxc7 1

[Event "Torneo Nuevo Centro. Jornada 11"]
[Site "Chess.com"]
[Date "2020.08.28"]
[Round "9"]
[White "Chofre Murcia, Adrián"]
[Black "Gutierrez Marco, Dario"]
[Result "0-1"]
[WhiteElo "1624"]
[BlackElo "1821"]
[TimeControl "180+2"]
[EndTime "12:06:07 PDT"]
[Termination "Victoria de rususs por jaque mate"]

1. e4 c5 2. Nc3 e6 3. Nf3 Nc6 4. Bc4 a6 5. d4 cxd4 6. Nxd4 Qc7 7. Be3 Nf6 8. O-O Be7 9. Nxc6 bxc6 10. Bd3 O-O 11. Bg5 d5 12. exd5 cxd5 13. Bxf6 Bxf6 14. Qh5 g6 15. Qf3 Bg7 16. Ne2 Bb7 17. Ng3 Bxb2 18.
Rab1 Bg7 19. Rfe1 Rfb8 20. Nh5 gxh5 21. Qxh5 h6 22. g4 Qf4 23. Re3 Bd4 24. Rg3 Bxf2+ 25.
Kg2 d4+ 26. Kh3 Bxg3 27. hxg3 Qg5 28. Qxg5+ hxg5 29. Rf1 Bd5 30. Rf6 Kg7 31. Rf1 Rh8+ 32.
Bh7 Rxh7# 0

[Event "Torneo Nuevo Centro. Jornada 11"]
[Site "Chess.com"]
[Date "2020.08.28"]
[Round "9"]
[White "Tormos Beltran, Maite"]
[Black "Hernández Tomás, Efrén"]
[Result "1/2-1/2"]
[WhiteElo "1479"]
[BlackElo "1144"]
[TimeControl "180+2"]
[EndTime "12:06:24 PDT"]
[Termination "Partida en tablas por mutuo acuerdo"]

1. d4 d5 2. c4 c5 3. e3 e6 4. Nf3 Nf6 5. Nc3 Nc6 6. cxd5 exd5 7. Bb5 cxd4 8. Nxd4 Bd7 9. O-O Nxd4 10. Bxd7+ Qxd7 11. Qxd4 Be7 12. a3 O-O 13. b4 Rfc8 14. Bb2 Rc4 15.
Qd2 Qd6 16. Rfd1 Ng4 17. g3 Qh6 18. f3 Nf6 19. Nxd5 Nxd5 20. Qxd5 Rc2 21. Rd2 Rxd2 22.
Qxd2 Rd8 23. Qc3 Bf6 24. Qc2 Bxb2 25. Qxb2 Qxe3+ 26. Qf2 Qxf2+ 27. Kxf2 Rd2+ 28. Kg1 Rd3 29. f4 g6 30. Ra2 b5 31. Kf2 a6 32. h4 h5 33. a4 bxa4 34. Rxa4 Rd2+ 35. Ke3 Rb2 36. Rxa6 Rxb4 37. Ra3 Kg7 1/2-1

[Event "Torneo Nuevo Centro. Jornada 11"]
[Site "Chess.com"]
[Date "2020.08.28"]
[Round "9"]
[White "Sos Andreu, Eric"]
[Black "Carbonell Bofill, Carlos Eloy"]
[Result "1-0"]
[WhiteElo "2488"]
[BlackElo "1915"]
[TimeControl "180+2"]
[EndTime "12:06:45 PDT"]
[Termination "Victoria de ericovski por tiempo"]

1. d4 Nf6 2. c4 e5 3. dxe5 Ng4 4. Bf4 g5 5. Bg3 Bg7 6. Nf3 Nc6 7. h4 Ngxe5 8. Nxe5 Nxe5 9. e3 g4 10. h5 h6 11. Nc3 d6 12. Bh4 Bf6 13. Bxf6 Qxf6 14. Qd4 Be6 15. Ne4 Qe7 16. c5 O-O 17. cxd6 cxd6 18.
Be2 Rad8 19. Nc3 f5 20. O-O-O Nc6 21. Qf4 Qg5 22. Qxg5+ hxg5 23. Rd2 f4 24. Rhd1 fxe3 25. fxe3 Rf2 26. Bc4 Bxc4 27. Rxf2 Bf7 28. Nd5 Ne5 29. h6 Kh7 30. Nf6+ Kxh6 31. Nxg4+ Nxg4 32. Rxf7 Nxe3 33. Rf6+ Kg7 34. Rdxd6 Rxd6 35. Rxd6 Nxg2 36. Kd2 g4 37. Ke2 Nf4+ 38. Kf2 Kf7 39. Kg3 Ng6 40. Kxg4 1

[Event "Torneo Nuevo Centro. Jornada 11"]
[Site "Chess.com"]
[Date "2020.08.28"]
[Round "9"]
[White "Gómez Alonso, Óscar"]
[Black "Serrano Requena, Guillem"]
[Result "1-0"]
[WhiteElo "1799"]
[BlackElo "1358"]
[TimeControl "180+2"]
[EndTime "12:06:53 PDT"]
[Termination "Victoria de osgo78 por jaque mate"]

1. d4 d5 2. c4 c6 3. Nc3 dxc4 4.
a4 Bd7 5. e4 b5 6. axb5 cxb5 7.
b3 Qc7 8. bxc4 bxc4 9. Ba3 g6 10.
Nf3 Bg7 11. Be2 Nc6 12. e5 Qb6 13. O-O a6 14. Nd5 Qa7 15. Bxc4 Nh6 16. Bc5 Qb8 17. Rb1 Qd8 18. Bb6 Qc8 19. Nc7+ Kf8 20. Nxa8 Qxa8 21. Bc5 Nf5 22. Qb3 Na5 23. Qb4 Nxc4 24. Qxc4 Bb5 25. Rxb5 axb5 26. Qxb5 Qe8 27. Qb7 Bh6 28. g4 Kg7 29. gxf5 gxf5 30. Qxe7 Qa4 31. Qf6+ Kg8 32. Kh1 Qc6 33. Rg1+ Bg7 34. Qxg7# 1

[Event "Torneo Nuevo Centro. Jornada 11"]
[Site "Chess.com"]
[Date "2020.08.28"]
[Round "9"]
[White "Gil López, Alejandro"]
[Black "Lloret Ramis, Juan José"]
[Result "1-0"]
[WhiteElo "2199"]
[BlackElo "1976"]
[TimeControl "180+2"]
[EndTime "12:06:56 PDT"]
[Termination "Victoria de AglVal0313 por jaque mate"]

1. e4 e6 2. Nf3 d5 3. exd5 exd5 4.
d4 Nc6 5. Bd3 Bd6 6. O-O Nge7 7.
c3 O-O 8. b4 Bf5 9. Re1 Qd7 10.
a4 Rae8 11. Na3 Bxd3 12. Qxd3 Qf5 13. Qxf5 Nxf5 14. Bg5 f6 15. Bd2 g5 16. h3 h5 17.
Nc2 g4 18. hxg4 hxg4 19. Nh2 g3 20. fxg3 Bxg3 21. Rf1 Nd6 22. Ng4 Re2 23. Bh6 Rxc2 24. Bxf8 Kxf8 25. Nxf6 Ke7 26. Nxd5+ Kd7 27. Rf3 Ne4 28.
Raf1 Bd6 29. Re1 Nd2 30. Rf7+ Kd8 31. Nf6 Ne7 32. Rf8# 1

[Event "Torneo Nuevo Centro. Jornada 11"]
[Site "Chess.com"]
[Date "2020.08.28"]
[Round "9"]
[White "Pedros Viudes, Santiago"]
[Black "Pardo Ruiz, Carlos"]
[Result "0-1"]
[WhiteElo "1883"]
[BlackElo "1714"]
[TimeControl "180+2"]
[EndTime "12:07:03 PDT"]
[Termination "Victoria de Carlitoscarlsen por abandono"]

1. d4 c5 2. d5 Nf6 3. Nc3 d6 4. e4 e6 5. Be2 exd5 6. exd5 Be7 7. h3 O-O 8. Nf3 Re8 9. O-O Bf5 10. Bf4 a6 11. a4 Bf8 12. Nd2 Ne4 13. Ncxe4 Bxe4 14. Bf3 Bxf3 15. Qxf3 Qf6 16. Nc4 Nd7 17. Rfe1 b5 18.
Rxe8 Rxe8 19. axb5 axb5 20. Na5 Qxb2 21. Rc1 Ra8 22. Nb7 Ne5 23. Qg3 Ng6 24. Re1 Qb4 25.
Bxd6 Qxe1+ 26. Kh2 Bxd6 27. Qxd6 Qe5+ 28. Qxe5 Nxe5 0

[Event "Torneo Nuevo Centro. Jornada 11"]
[Site "Chess.com"]
[Date "2020.08.28"]
[Round "9"]
[White "del Campo Hernández, Ángel "]
[Black "Alvarez Usina, Jordi"]
[Result "0-1"]
[WhiteElo "1126"]
[BlackElo "1267"]
[TimeControl "180+2"]
[EndTime "12:07:05 PDT"]
[Termination "Victoria de jordi_alvarez por abandono"]

1. e4 e5 2. f4 d6 3. Nf3 Nc6 4. fxe5 Nxe5 5. d4 Nc6 6. d5 Ne5 7. Bf4 Qe7 8. Bg5 f6 9. Nxe5 Qxe5 10. Be3 Qxe4 11. Bb5+ Bd7 12. Bxd7+ Kxd7 13. Nc3 Qxe3+ 14. Qe2 Re8 15. Qxe3 Rxe3+ 16. Kf2 Re5 17. Rhe1 f5 18. Rxe5 dxe5 19. Re1 Bd6 20. Nb5 a6 21. Nxd6 Kxd6 22. c4 Nf6 23. Kg3 Re8 24. Kh4 h6 25. h3 Kc5 26. g4 fxg4 27. hxg4 Kxc4 28. g5 hxg5+ 29. Kxg5 Kxd5 30. Kg6 Rg8 31. Rd1+ Ke6 32. Re1 e4 0

[Event "Torneo Nuevo Centro. Jornada 11"]
[Site "Chess.com"]
[Date "2020.08.28"]
[Round "9"]
[White "Castellano López, Javier"]
[Black "Fernández Martin, Carlos"]
[Result "0-1"]
[WhiteElo "1922"]
[BlackElo "1784"]
[TimeControl "180+2"]
[EndTime "12:07:11 PDT"]
[Termination "Victoria de Pistachomortal por tiempo"]

1. d4 d6 2. c4 e5 3. dxe5 dxe5 4. Qxd8+ Kxd8 5. Nf3 f6 6. Nc3 c6 7. e4 Be6 8. Be3 Nh6 9. Rd1+ Kc7 10. h3 Na6 11. g4 Nb4 12. Bxh6 gxh6 13. Be2 Nc2+ 14. Kf1 Bc5 15.
Na4 Bd4 16. Rd2 Nb4 17. a3 Na6 18. Nxd4 exd4 19. Rxd4 Rhd8 20. Rxd8 Rxd8 21. Kg2 Rd2 22. Kf3 Nb8 23. Rd1 Rc2 24. c5 Bb3 25. Nc3 Rxb2 26.
Rd6 Nd7 27. Bf1 Nxc5 28. Rxf6 Rc2 29. Ne2 Ra2 30. Nd4 Bd1+ 0

[Event "Torneo Nuevo Centro. Jornada 11"]
[Site "Chess.com"]
[Date "2020.08.28"]
[Round "9"]
[White "Soliva Ruiz, Ramon"]
[Black "Méndez Giménez , Néstor Emmanuel"]
[Result "1-0"]
[WhiteElo "1519"]
[BlackElo "1238"]
[TimeControl "180+2"]
[EndTime "12:07:43 PDT"]
[Termination "Victoria de rasoru por abandono"]

1. d4 e6 2. Bf4 d5 3. Nf3 Nc6 4. e3 Bd6 5. Bg5 Nf6 6. c3 b6 7. Nbd2 Bb7 8. Be2 O-O 9. a3 a6 10. O-O b5 11. Bd3 h6 12. Bh4 Be7 13. e4 dxe4 14. Nxe4 Nxe4 15. Bxe7 Qxe7 16. Bxe4 Na5 17. Bxb7 Nxb7 18. Qe2 Qf6 19. Qe5 Qg6 20. Qxc7 Ra7 21. Ne5 Qf6 22. Nd7 Qe7 23. d5 Rd8 24. dxe6 fxe6 25. Qb6 Qxd7 26. Qxa7 Qc6 27. Rfd1 Rf8 28. Rd2 Nc5 29. Rad1 Nb7 30. Rd7 Nc5 31. Rxg7+ Kh8 32. Rh7+ 1

[Event "Torneo Nuevo Centro. Jornada 11"]
[Site "Chess.com"]
[Date "2020.08.28"]
[Round "9"]
[White "Perez Garcia, Jose Miguel"]
[Black "Luque Saiz, Andrés"]
[Result "1-0"]
[WhiteElo "2048"]
[BlackElo "2044"]
[TimeControl "180+2"]
[EndTime "12:07:54 PDT"]
[Termination "Victoria de PEREZOV69 por abandono"]

1. c4 c6 2. d4 d5 3. Nf3 Nf6 4. e3 Bg4 5. cxd5 cxd5 6. Qb3 Qc8 7. Bb5+ Nbd7 8. Nc3 Bxf3 9. gxf3 e6 10. Bd2 a6 11. Bd3 Be7 12. Rc1 Qb8 13. a4 O-O 14. h4 Qd6 15. h5 e5 16. Ne2 e4 17. fxe4 Nxe4 18. Bxe4 dxe4 19. Ng3 Nf6 20. Nf5 Qd7 21.
Nxe7+ Qxe7 22. Bb4 Qd7 23. Bxf8 Rxf8 24. Qc4 Qg4 25. Qe2 Qg2 26. Qf1 Qf3 27. h6 g6 28.
Qh3 Rd8 29. Qxf3 exf3 30. Rc7 b5 31. a5 Nd5 32. Rc5 Nb4 33. O-O f5 34. Rfc1 Kf7 35.
Rc7+ Kf6 36. Rxh7 Kg5 37. Kh2 Re8 38. Kg3 Re4 39. Kxf3 Rg4 40. Rh8 Nd3 41. Rc6 Nxb2 42. h7 Nc4 43. Rg8 Nd2+ 44. Ke2 Rh4 45. Rgxg6+ 1

[Event "Torneo Nuevo Centro. Jornada 11"]
[Site "Chess.com"]
[Date "2020.08.28"]
[Round "9"]
[White "Gimenez Saiz, Jose Raul"]
[Black "Carbonell Sancho, Marc"]
[Result "1-0"]
[WhiteElo "1849"]
[BlackElo "1965"]
[TimeControl "180+2"]
[EndTime "12:08:02 PDT"]
[Termination "Victoria de rango013 por jaque mate"]

1. d4 Nf6 2. e3 g6 3. Bd3 Bg7 4. f4 O-O 5. Nf3 d6 6. O-O e5 7.
fxe5 dxe5 8. Nxe5 c5 9. c3 Nbd7 10. Nxd7 Bxd7 11. Qf3 Bc6 12. e4 cxd4 13. Bg5 dxc3 14.
Nxc3 Qb6+ 15. Kh1 Nd7 16. Qe2 Ne5 17. Rad1 Nxd3 18. Qxd3 Qxb2 19. Nd5 Qxa2 20. Be7 Rfe8 21. Bg5 Bxd5 22. exd5 Qa4 23. d6 Qd7 24. Be7 a5 25. Rxf7 Qe6 26. Rdf1 Rad8 27. Qf3 Rxd6 28. Bxd6 Qxd6 29.
Rxg7+ Kxg7 30. Qf7+ Kh6 31. Qxe8 Qd3 32. Qe1 a4 33. Rf7 Qd4 34. Qc1+ g5 35. Qb1 Kh5 36. Qxh7+ Kg4 37. h3+ Kg3 38. Rf3# 1

[Event "Torneo Nuevo Centro. Jornada 11"]
[Site "Chess.com"]
[Date "2020.08.28"]
[Round "9"]
[White "Casado Andreu, David"]
[Black "Roca Cruz, Rafael"]
[Result "0-1"]
[WhiteElo "1576"]
[BlackElo "1802"]
[TimeControl "180+2"]
[EndTime "12:08:08 PDT"]
[Termination "Victoria de RafaRocaCruz por tiempo"]

1. e4 c5 2. Nf3 e6 3. d4 cxd4 4. Nxd4 Nf6 5. Nc3 Bb4 6. Bd3 d5 7. e5 Nfd7 8. Nf3 Qc7 9. O-O Bxc3 10. bxc3 Nxe5 11. Nxe5 Qxe5 12. f4 Qxc3 13. Rb1 Qc5+ 14.
Kh1 O-O 15. Qh5 f5 16. Bb2 Nd7 17. g4 Nf6 18. Bxf6 Rxf6 19. Qe8+ Qf8 20. Qh5 g6 21.
Qh3 fxg4 22. Qxg4 e5 23. Qh4 exf4 24. Rb5 b6 25. Kg1 Bb7 26. Rf3 Re8 27. Rh3 Qe7 28. Rb1 d4 29. Kf2 f3 0

[Event "Torneo Nuevo Centro. Jornada 11"]
[Site "Chess.com"]
[Date "2020.08.28"]
[Round "9"]
[White "Yatseta Fernandez, Marc Kazymyr"]
[Black "Rodriguez Rodriguez, Joan David "]
[Result "0-1"]
[WhiteElo "1522"]
[BlackElo "1782"]
[TimeControl "180+2"]
[EndTime "12:08:31 PDT"]
[Termination "Victoria de Not_Jr_chess por jaque mate"]

1. d4 d6 2. c4 Nf6 3. Nf3 Nbd7 4. Bf4 c6 5. Nc3 Qc7 6. e4 e5 7. Be3 Be7 8. Bd3 h6 9. O-O g5 10. h3 Nf8 11. Bc2 Ng6 12. Nh2 Nf4 13. Bxf4 gxf4 14. Kh1 Rg8 15. Rg1 Bd7 16. dxe5 dxe5 17. a3 O-O-O 18.
Qf3 Rg7 19. b4 Rdg8 20. Bb3 Nh7 21. Rac1 Ng5 22. Qd3 Ne6 23. Nd5 Qd8 24. Nxe7+ Qxe7 25. b5 c5 26. a4 f3 27. Nxf3 Nf4 28. Qd2 Nxg2 29.
Rgd1 Nf4 30. Nxe5 Bxh3 31. Qxf4 Bg2+ 32. Kh2 Rg5 33. Nd3 Rh5+ 34. Kg1 Bf3+ 35. Kf1 Rh1# 0

[Event "Torneo Nuevo Centro. Jornada 11"]
[Site "Chess.com"]
[Date "2020.08.28"]
[Round "9"]
[White "Garcia, Jhoel"]
[Black "Aymerich Rosell, Pablo"]
[Result "1-0"]
[WhiteElo "2373"]
[BlackElo "2018"]
[TimeControl "180+2"]
[EndTime "12:08:33 PDT"]
[Termination "Victoria de shoels por tiempo"]

1. Nc3 Nf6 2. d4 d5 3. Bg5 c6 4.
Bxf6 exf6 5. e3 Bb4 6. Ne2 O-O 7. a3 Bd6 8. Ng3 Re8 9. Bd3 Nd7 10. Qf3 Nf8 11. O-O-O b5 12. e4 a5 13. exd5 b4 14. Na4 bxa3 15. b3 cxd5 16. Nf5 Bb4 17. Kb1 Bd7 18. Qxd5 Bxa4 19. Qxd8 Raxd8 20. bxa4 g6 21. Ng3 Rxd4 22. Ka2 Rc8 23. Ne2 Rd7 24. Kb3 Rb8 25.
Bb5 Re7 26. c3 Bc5 27. Nd4 Bxd4 28. cxd4 Re2 29. Rhf1 a2 30. Kc3 Rc8+ 31. Kb3 Rcc2 32. Bxe2 Rxe2 33. d5 Nd7 34. d6 Nc5+ 35. Kc4 Rc2+ 36.
Kb5 a1=Q 37. Rxa1 Nb3 38. d7 Rd2 39. Rad1 Nd4+ 40. Kc4 Rxd1 41. Rxd1 Ne6 42. d8=Q+ Nxd8 43. Rxd8+ Kg7 44. Ra8 1

[Event "Torneo Nuevo Centro. Jornada 11"]
[Site "Chess.com"]
[Date "2020.08.28"]
[Round "9"]
[White "Bendayán Claros, Aaron"]
[Black "Aguado, Pablo Luis"]
[Result "1-0"]
[WhiteElo "1986"]
[BlackElo "1914"]
[TimeControl "180+2"]
[EndTime "12:08:45 PDT"]
[Termination "Victoria de Cuajada_Zero por abandono"]

1. d4 d5 2. c4 e6 3. Nc3 Nf6 4. cxd5 exd5 5. Bf4 Bd6 6. Bg5 c6 7. e3 O-O 8. Bd3 Re8 9. Qc2 h6 10. Bh4 a5 11. Nf3 Na6 12. a3 Nc7 13. O-O Bg4 14. Bg3 Bxf3 15. gxf3 Ne6 16. Rad1 Ng5 17. Kg2 Qe7 18.
Bf5 Rad8 19. Bd3 Qd7 20. Bf5 Qc7 21. Rb1 Bxg3 22. hxg3 Qd6 23. b4 axb4 24. axb4 Ra8 25. b5 Ra3 26. bxc6 bxc6 27. Na4 Ra8 28. Nc5 Ra2 29.
Rb2 R2a3 30. Rfb1 Nh5 31. Rb3 Ra2 32. R1b2 Ra1 33. Rb7 g6 34. f4 Nh7 35. Be6 Rf8 36. Qxg6+ Ng7 37. Bxf7+ Kh8 38. Qxd6 1

[Event "Torneo Nuevo Centro. Jornada 11"]
[Site "Chess.com"]
[Date "2020.08.28"]
[Round "9"]
[White "Vidarte Morales, Arturo"]
[Black "Montesinos Diaz, Luis"]
[Result "1-0"]
[WhiteElo "2202"]
[BlackElo "1906"]
[TimeControl "180+2"]
[EndTime "12:09:23 PDT"]
[Termination "Victoria de Arturo_Vidarte por abandono"]

1. c4 e5 2. Nc3 Nc6 3. g3 g6 4. Bg2 Bg7 5. d3 d6 6. Rb1 a5 7. a3 f5 8. e3 Nf6 9. Nge2 O-O 10. O-O Ne7 11. b4 axb4 12. axb4 c6 13. b5 Be6 14. Qb3 g5 15. f4 g4 16. Ba3 Rf7 17.
bxc6 bxc6 18. d4 exf4 19. Nxf4 Bxc4 20. Qxc4 Rxa3 21. Rb7 d5 22. Qb4 Rxc3 23. Qxc3 Ne4 24. Bxe4 fxe4 25. Rfb1 Rf8 26. R1b3 Qd6 27. Rxe7 Qxe7 28.
Qxc6 Rd8 29. Nxd5 Qf7 30. Rb5 Bf8 31. Nf4 Rd6 32. Qa8 Qc4 33. Rb1 Qc2 34. Qb7 Qd2 35. Qb3+ Kh8 36. Rd1 Qa5 37. Qf7 Qd8 38. Qf5 Bg7 39.
Qxg4 Qa5 40. Kg2 Qa2+ 41. Qe2 Qa5 42. Rb1 Qd8 43. Qb5 h6 44. Qb8 Kh7 45. Qxd8 Rxd8 46. Rb7 Kg8 47. Rxg7+ Kf8 48. Ne6+ 1